 Dungeon Sprint DCSS version 0.23-a0-143-g1adec7b (webtiles) character file.

989 Kidiri the Thaumaturge (level 7, -1/39 (41) HPs)
             Began as a Deep Elf Fire Elementalist on Sept 2, 2018.
             Was a Believer of Vehumet.
             Slain by a shadow (20 damage)
             ... in the Dungeon (Sprint III: "The Ten Rune Challenge").
             The game lasted 00:05:30 (615 turns).

Kidiri the Thaumaturge (Deep Elf Fire Elementalist)  Turns: 615, Time: 00:05:31

HP:   -1/39 (41)    AC:  5    Str:  7    XL:     7   Next: 98%
MP:   18/25         EV: 16    Int: 22    God:    Vehumet [**....]
Gold: 34            SH:  4    Dex: 15    Spells: 10/31 levels left

rFire    . . .     SeeInvis .   r - +0 dagger
rCold    . . .     Gourm    .   (no shield)
rNeg     . . .     Faith    .   a - +0 robe
rPois    +         Spirit   .   (no helmet)
rElec    .         Reflect  .   l - +2 cloak {rPois}
rCorr    .         Harm     .   (no gloves)
MR       .....     NoTele   +   (no boots)
Stlth    ++........             (no amulet)
HPRegen  0.13/turn              (no ring)
MPRegen  0.19/turn              (no ring)

@: no status effects
A: large bone plates 1, blurry vision 1, sense surroundings 1, strong 1
a: Renounce Religion


You were in the Dungeon.
You worshipped Vehumet.
Vehumet was pleased with you.
You were not hungry.

You visited 1 branch You collected 34 gold pieces.

Inventory:

Hand Weapons
 r - a +0 dagger (weapon)
Armour
 a - a +0 robe (worn)
 l - a +2 cloak of poison resistance (worn)
Scrolls
 i - a scroll of blinking
 m - 2 scrolls of torment
 n - a scroll of identify
 o - a scroll of remove curse
Potions
 b - 2 potions of might
 d - 2 potions of curing
 f - a potion of haste
 g - 2 potions of magic
 h - a potion of berserk rage
 p - 2 potions of flight
 q - 5 potions of mutation
Comestibles
 c - 3 rations
 j - 9 chunks of flesh


   Skills:
 + Level 3.6 Fighting
 + Level 4.0 Short Blades
 + Level 3.6 Armour
 + Level 6.0 Dodging
 - Level 2.4 Stealth
 * Level 12.5 Spellcasting
 + Level 7.4 Conjurations
 + Level 8.2 Fire Magic
 + Level 4.0 Air Magic
 + Level 4.4 Poison Magic


You had 10 spell levels left.
You knew the following spells:

 Your Spells              Type           Power        Failure   Level  Hunger
a - Flame Tongue          Conj/Fire      #####        1%          1    None
b - Throw Flame           Conj/Fire      #####.       1%          2    None
c - Conjure Flame         Conj/Fire      #####...     1%          3    None
d - Inner Flame           Hex/Fire       ####....     2%          3    None
e - Sticky Flame          Conj/Fire      #####...     1%          4    None
f - Fireball              Conj/Fire      #####.....   4%          5    ####...
g - Mephitic Cloud        Conj/Pois/Air  #####...     1%          3    None

Your spell library contained the following spells:

 Spells                   Type           Power        Failure   Level  Hunger
 Sting                    Conj/Pois      ####         1%          1    None
 Magic Dart               Conj           ####         1%          1    None
 Blink                    Tloc           N/A          7%          2    None
 Call Imp                 Summ           ##......     7%          2    None
 Slow                     Hex            ##......     7%          2    None


Dungeon Overview and Level Annotations

Branches:
Dungeon (1/1)

Altars:
Dithmenos
Elyvilon
Kikubaaqudgha
Okawaru
Ru
Sif Muna
Trog
Uskayaw
Vehumet
Wu Jian
Yredelemnul
Zin
The Shining One
Beogh


Innate Abilities, Weirdness & Mutations

You are partially covered in large bone plates. (SH +4)
Scrolls take you a little longer to read.
You passively map a small area around you.
Your muscles are strong. (Str +2)


Message History

The shadow is moderately damaged.
The shadow hits you!
Casting: Flame Tongue (safe; 1% risk of failure)
Confirm with . or Enter, or press ? or * to list all spells.
Aiming: Flame Tongue (safe; 1% risk of failure)
Press: ? - help, Shift-Dir - straight line, f/p - shadow
Aim: a shadow (moderately damaged)
The flame tongue hits the shadow.
The shadow is severely damaged.
The shadow slips into darkness.
The shadow flickers and vanishes!
Deactivating autopickup; reactivate with Ctrl-A.
Casting: Flame Tongue (safe; 1% risk of failure)
Confirm with . or Enter, or press ? or * to list all spells.
You can't see any susceptible monsters within range! (Use Z to cast anyway.) Unknown command.
Unknown command.
The shadow strikes at you from the darkness!
Ouch! That really hurt!
You die...

▓▓▓▓▓▓▓▓▓▓▓▓ ▓▓▓
▓<.#..+....♣♣♣ ♣.###
▓..#..#....♣.♣ ♣♣.#__
▓#'####....♣.♣ ♣..#.)
▓.....#....≈♣♣♣♣♣.###
▓.....#...≈≈.♣.♣♣.#..
▓.....#..≈≈≈≈♣....'.⌠
▓####'#..≈≈≈≈≈≈.♣.#..
▓)..@[#.≈≈≈≈≈≈....#.⌠
▓..{..#.≈≈≈≈≈.....#..
▓.....#.≈≈≈.......#+#
▓'#####...........#.)
▓.................#__
▓▓▓▓▓▓▓▓▓▓▓▓▓▓▓▓▓▓▓▓▓
* ≈ ≈


There were no monsters in sight!

Vanquished Creatures
  A deep elf mage (D)
  A necrophage (D)
  A water elemental (D)
  A jelly (D)
  Crazy Yiuf (D)
  A wizard (D)
  Jessica (D)
  A necromancer (D)
  3 humans (D)
  A kobold demonologist (D)
  An ooze (D)
  2 rats (D)
15 creatures vanquished.

Vanquished Creatures (others)
  2 draconian scorchers (D)
  6 hellions (D)
  A yaktaur (D)
9 creatures vanquished.

Grand Total: 24 creatures vanquished

Notes
Turn   | Place    | Note
-------+----------+-------------------------------------------
     0 | D        | Kidiri the Deep Elf Fire Elementalist began the quest for
                  | the Orb.
     0 | D        | Reached XP level 1. HP: 10/10 MP: 6/6
    14 | D        | Reached skill level 4 in Spellcasting
    43 | D        | Noticed Jessica
    45 | D        | Killed Jessica
    45 | D        | Reached skill level 6 in Spellcasting
    45 | D        | Reached XP level 2. HP: 15/15 MP: 6/11
    45 | D        | Reached XP level 3. HP: 19/19 MP: 6/12
    57 | D        | Learned a level 2 spell: Throw Flame
    61 | D        | Learned a level 3 spell: Conjure Flame
    65 | D        | Learned a level 3 spell: Inner Flame
    75 | D        | Killed a yaktaur
   112 | D        | Noticed Crazy Yiuf
   117 | D        | Killed Crazy Yiuf
   117 | D        | Reached skill level 7 in Spellcasting
   117 | D        | Reached skill level 5 in Fire Magic
   121 | D        | Killed a hellion
   138 | D        | Killed a hellion
   146 | D        | Gained mutation: Your muscles are strong. (Str +2) [potion
                  | of mutation]
   146 | D        | Gained mutation: Scrolls take you a little longer to read.
                  | [potion of mutation]
   146 | D        | Gained mutation: You passively map a small area around you.
                  | [potion of mutation]
   146 | D        | Gained mutation: You are partially covered in large bone
                  | plates. (SH +4) [potion of mutation]
   151 | D        | Killed a hellion
   152 | D        | Killed a hellion
   154 | D        | Killed a hellion
   158 | D        | Killed a hellion
   172 | D        | Reached skill level 8 in Spellcasting
   172 | D        | Reached XP level 4. HP: 24/24 MP: 6/16
   181 | D        | Learned a level 4 spell: Sticky Flame
   199 | D        | Killed a white draconian scorcher
   218 | D        | Noticed a water elemental
   223 | D        | Killed a water elemental
   223 | D        | Reached skill level 9 in Spellcasting
   223 | D        | Reached skill level 5 in Conjurations
   223 | D        | Reached XP level 5. HP: 28/28 MP: 10/19
   234 | D        | Learned a level 5 spell: Fireball
   279 | D        | Found a radiant altar of Vehumet.
   280 | D        | Found a deep blue altar of Sif Muna.
   280 | D        | Found an ancient bone altar of Kikubaaqudgha.
   283 | D        | Reached skill level 10 in Spellcasting
   284 | D        | Reached skill level 1 in Fighting
   284 | D        | Reached skill level 1 in Armour
   287 | D        | Killed a white draconian scorcher
   297 | D        | Became a worshipper of Vehumet
   302 | D        | Learned a level 3 spell: Mephitic Cloud
   346 | D        | Found a glowing silver altar of Zin.
   347 | D        | Found a glowing golden altar of the Shining One.
   347 | D        | Found a white marble altar of Elyvilon.
   347 | D        | Noticed a deep elf mage
   351 | D        | Killed a deep elf mage
   351 | D        | Reached skill level 5 in Dodging
   351 | D        | Reached skill level 11 in Spellcasting
   351 | D        | Reached XP level 6. HP: 36/36 MP: 11/22
   351 | D        | Reached XP level 7. HP: 40/40 MP: 12/24
   413 | D        | Found a hide-covered altar of Uskayaw.
   413 | D        | Found a roughly hewn altar of Beogh.
   413 | D        | Found an iron altar of Okawaru.
   413 | D        | Found a bloodstained altar of Trog.
   413 | D        | Found an ornate altar of the Wu Jian Council.
   413 | D        | Noticed a human
   413 | D        | Noticed a human
   424 | D        | Killed a human
   424 | D        | Reached skill level 12 in Spellcasting
   427 | D        | Killed a human
   427 | D        | Reached * piety under Vehumet
   427 | D        | Offered knowledge of Sandblast by Vehumet.
   509 | D        | Found a basalt altar of Yredelemnul.
   509 | D        | Found a shadowy altar of Dithmenos.
   509 | D        | Found a sacrificial altar of Ru.
   575 | D        | Noticed a shadow
   607 | D        | Offered knowledge of Sting by Vehumet.
   607 | D        | Reached ** piety under Vehumet
   615 | D        | Slain by a shadow

Vault maps used:
D:        dungeon_sprint_mu

Skill      XL: |  1  2  3  4  5  6  7 |
---------------+----------------------+-----
Spellcasting   | 6 8 9 11 12 | 12.5
Conjurations   | 3 4 5 6 7 |  7.4
Fire Magic     | 4 5 6 7 8 |  8.2
Dodging        | 5 6 |  6.0
Fighting       | 2 3 |  3.6
Armour         | 2 3 |  3.6
Short Blades   | 3 4 |  4.0
Air Magic      | 3 4 |  4.0
Poison Magic   | 3 4 |  4.4
Stealth        | |  2.4

Action                   |  1- 3 |  4- 6 |  7- 9 || total
-------------------------+-------+-------+-------++-------
 Cast: Flame Tongue      |    12 |     6 |    22 ||    40
       Throw Flame       |     2 |       |       ||     2
       Conjure Flame     |       |     1 |     2 ||     3
       Sticky Flame      |       |     3 |     2 ||     5
       Mephitic Cloud    |       |     1 |     1 ||     2
       Inner Flame       |       |       |     2 ||     2
  Use: Potion            |     1 |     1 |       ||     2
       Scroll            |       |     3 |       ||     3
Armor: Robe              |       |     1 |     1 ||     2
Dodge: Dodged            |       |     3 |     3 ||     6
Block: Other             |       |       |     1 ||     1

Table legend:
 A = Non-vault XP
 B = Vault XP
 C = Vault XP percentage of total XP
 D = Non-vault monster count
 E = Vault monster count
 F = Vault count percentage of total count
                 A         B        C        D         E       F
            +---------+---------+-------+---------+---------+-------
      Total |       0 |    1413 | 100.0 |       0 |      15 | 100.0
            +---------+---------+-------+---------+---------+-------
          D |       0 |    1413 | 100.0 |       0 |      15 | 100.0
            +---------+---------+-------+---------+---------+-------
